 Dungeon Crawl Stone Soup version 0.30-a0-55-g90e3122c3a (webtiles) character file.

Game seed: 13782093533067389630

9265 LnG the Severer (level 11, 0/97 HPs)
             Began as a Hill Orc Fighter on Sept 9, 2022.
             Was a Believer of Uskayaw.
             Killed from afar by Lodul (32 damage)
             ... with a bolt of lightning
             ... on level 10 of the Dungeon.
             The game lasted 00:32:48 (13897 turns).

LnG the Severer (Hill Orc Fighter)                 Turns: 13897, Time: 00:32:49

Health: 0/97       AC: 15    Str: 24    XL:     11   Next: 43%
Magic:  0/11       EV: 11    Int:  8    God:    Uskayaw [**....]
Gold:   752        SH:  8    Dex: 10    Spells: 10/10 levels left

rFire   + . .      SeeInvis .    a - +4 war axe
rCold   . . .      Faith    .    c - +3 buckler
rNeg    . . .      Spirit   +    H - +1 scale mail {rF+}
rPois   .          Reflect  .    n - +2 helmet
rElec   .          Harm     .    (no cloak)
rCorr   .          Rampage  .    (no gloves)
Will    .....                    q - +2 pair of boots
Stlth   +.........               p - amulet of guardian spirit
HPRegen 0.26/turn                (no ring)
MPRegen 0.12/turn                (no ring)

@: no status effects
A: no striking features
a: Renounce Religion, Stomp, Line Pass


You were on level 10 of the Dungeon.
You worshipped Uskayaw.
Uskayaw was noncommittal.
You visited 2 branches of the dungeon, and saw 11 of its levels.
You also visited: Bailey.

You collected 752 gold pieces.

Inventory:

Hand Weapons
 a - a +4 war axe (weapon)
Missiles
 k - 2 throwing nets (quivered)
 u - 7 boomerangs
Armour
 b - a +0 scale mail
 c - a +3 buckler (worn)
 n - a +2 helmet (worn)
 q - a +2 pair of boots (worn)
 s - the +1 robe "Exoaso" {Str+6}
   (You found it on level 3 of the Dungeon)

   Str:       It affects your strength (+6).
 H - a +1 scale mail of fire resistance (worn)
Jewellery
 h - a ring of ice
 p - an amulet of guardian spirit (around neck)
 A - an amulet of regeneration
Wands
 x - a wand of paralysis (7)
 B - a wand of mindburst (2)
 D - a wand of quicksilver (4)
Scrolls
 e - a scroll of teleportation
 i - a scroll of vulnerability
 l - a scroll of magic mapping {unknown}
 t - a scroll of silence
 w - a scroll of summoning {unknown}
 y - a scroll of amnesia {unknown}
 E - a scroll of poison {unknown}
 F - a scroll of enchant armour
Potions
 d - a potion of might
 f - 2 potions of ambrosia
 g - a potion of degeneration {unknown}
 j - a potion of berserk rage {unknown}
 m - 2 potions of heal wounds {unknown}
 o - 2 potions of flight {unknown}
 r - 4 potions of curing {unknown}
 v - 2 potions of mutation {unknown}
 z - 2 potions of haste {unknown}
 C - a potion of attraction {unknown}


   Skills:
 + Level 9.2 Fighting
 + Level 15.0 Axes
 + Level 6.2 Armour
 + Level 5.1 Dodging
 + Level 5.1 Stealth
 + Level 6.9 Shields
 + Level 0.2 Evocations


You had 10 spell levels left.
You didn't know any spells.
Your spell library contained the following spells:

 Spells                   Type           Power      Damage    Failure   Level
 Freeze                   Ice            0%         1d3       77%         1
 Confusing Touch          Hex            0%         N/A       98%         3
 Frozen Ramparts          Ice            0%         1d1       98%         3
 Stone Arrow              Conj/Erth      0%         3d7       98%         3
 Animate Armour           Summ/Erth      0%         N/A       100%        4
 Hailstorm                Conj/Ice       0%         3d3       100%        4
 Freezing Cloud           Conj/Ice/Air   0%         6-21      100%        5
 Yara's Violent Unravell  Hex/Tmut       0%         3d3       100%        5
 Simulacrum               Ice/Necr       0%         N/A       100%        6
 Enfeeble                 Hex            0%         N/A       100%        7
 Lehudib's Crystal Spear  Conj/Erth      0%         10d2      100%        8
 Polar Vortex             Ice            0%         N/A       100%        9


Dungeon Overview and Level Annotations

Branches:
Dungeon (10/15)            Temple (1/1) D:7          Bailey (visited)
   Lair: D:8-11         Orc: D:9-12

Altars:
Ashenzari
Cheibriados
Dithmenos
Elyvilon
Fedhas
Gozag
Hepliaklqana
Kikubaaqudgha
Makhleb
Nemelex Xobeh
Okawaru
Qazlal
Ru
Sif Muna
Trog
Uskayaw
Vehumet
Wu Jian
Xom
Yredelemnul
Zin
The Shining One

Shops:
D:3 :

Annotations:
D:10 Lodul


Message History

There is an open door here.
You open the door.
There is an open door here.
You open the door.
There is an open door here.
You see here a +0 shortbow.
There is a stone staircase leading down here.
You climb downwards.
Level annotation: Lodul
There is a stone staircase leading up here.
There are monsters nearby!
The ogre shouts! x2
The ogre shouts!
You hear a shout!
You barely miss the ogre. You block the ogre's attack.
You hit the ogre.
The ogre is lightly wounded.
You hit the ogre.
The ogre is lightly wounded.
The ogre hits you with a +0 giant club!!
Electricity crackles from Lodul's apparatus.
The bolt of lightning hits you!!
You slash the ogre!
The ogre is severely wounded.
You can now pass through a line of other dancers.
You barely miss the ogre.
The ogre is severely wounded.
The ogre hits you with a +0 giant club!!
You are too injured to fight recklessly!
You are too injured to fight recklessly!
Unknown command.
You hit the ogre.
The ogre is almost dead.
You barely miss the ogre.
The ogre is almost dead.
The ogre barely misses you.
You hit the ogre.
You kill the ogre!
Electricity crackles from Lodul's apparatus.
The bolt of lightning hits you!!
You die...

#.b.b......##+####.#
#..O#####..+ #.#
#...# #..# #.# #.b.#
.#..# +.# #.Ob#
.O#..# #.#
#..O#OO.#..+ #.#
###.O.O.#..# #.#
#.#O..#..#######.#
###.#...#...O)@....#
#...#
..#...O#####..#
#...# ..#..>.# #..#
#...#####....# #..#
#........O...# #..#
#............# #..#
#............# #..#
#............# #...
#............#


You could see Lodul and 2 ogres.

Vanquished Creatures
  Erolcha (D:9)
  Fannar (D:10)
  3 two-headed ogres
  Maurice (D:8)
  Maggie (D:6)
  3 wyverns
  A water moccasin (D:7)
  Duvessa (D:7)
  12 orc warriors
  A sky beast (D:6)
  4 ogres
  A black bear (D:5)
  16 centaurs
  2 phantoms (D:4)
  3 kobold brigands (D:9)
  A gnoll sergeant (D:8)
  2 bullfrogs
  3 necrophages
  3 scorpions
  3 wights (D:8)
  5 killer bees (D:8)
  Dowan (D:7)
  2 electric eels (D:8)
  4 orc priests
  A gnoll bouda (D:4)
  2 hounds (D:6)
  A jelly (D:6)
  2 iguanas
  Jessica (D:3)
  4 orc wizards
  Robin (D:3)
  9 gnolls
  11 adders
  8 river rats (D:5)
  3 shadow imps
  A white imp (D:7)
  A worm (D:3)
  39 orcs
  7 ball pythons
  4 bats
  5 endoplasms
  16 goblins
  12 hobgoblins
  10 quokkas
  3 frilled lizards
  20 kobolds
  22 rats
258 creatures vanquished.

Vanquished Creatures (others)
  2 orcs (Bailey)
  12 plants
14 creatures vanquished.

Grand Total: 272 creatures vanquished

Notes
Turn   | Place    | Note
-------+----------+-------------------------------------------
     0 | D:1      | LnG the Hill Orc Fighter began the quest for the Orb.
     0 | D:1      | Reached XP level 1. HP: 19/19 MP: 1/1
     3 | D:1      | Noticed a merfolk zombie
    10 | D:1      | Noticed a minotaur zombie
    18 | D:1      | Noticed a merfolk zombie
   485 | D:1      | Reached XP level 2. HP: 26/27 MP: 2/2
   519 | D:1      | Reached skill level 3 in Axes
   804 | D:1      | Found a faded altar of an unknown god.
  1527 | D:2      | Reached XP level 3. HP: 33/33 MP: 3/3
  1761 | D:2      | Reached skill level 4 in Axes
  2210 | D:3      | Noticed Jessica
  2216 | D:3      | Killed Jessica
  2217 | D:3      | Reached XP level 4. HP: 40/40 MP: 4/4
  2403 | D:3      | Noticed Robin
  2415 | D:3      | Killed Robin
  2416 | D:3      | Reached skill level 5 in Axes
  2441 | D:3      | Reached XP level 5. HP: 33/46 MP: 5/5
  2679 | D:3      | Found Perurche's Book Boutique.
  2735 | D:3      | Identified the +1 robe "Exoaso" {Str+6}
  2975 | D:4      | Noticed an ogre
  2983 | D:4      | Killed an ogre
  2984 | D:4      | Reached skill level 6 in Axes
  2984 | D:4      | Reached XP level 6. HP: 50/53 MP: 6/6
  3087 | D:4      | Identified the +7 dagger of Peril {freeze, rF+ rCorr Dex+6}
  3228 | D:4      | Reached skill level 7 in Axes
  3228 | D:4      | Reached skill level 1 in Dodging
  3474 | D:4      | Found a bloodstained altar of Trog.
  3474 | D:4      | Found a shimmering blue altar of Sif Muna.
  3475 | D:4      | Found a shadowy altar of Dithmenos.
  3539 | D:5      | Entered Level 5 of the Dungeon
  3552 | D:4      | Reached skill level 5 in Fighting
  3552 | D:4      | Reached XP level 7. HP: 46/61 MP: 4/7
  3889 | D:4      | Reached skill level 8 in Axes
  4273 | D:5      | Reached XP level 8. HP: 61/69 MP: 8/8
  4297 | D:5      | Reached skill level 9 in Axes
  4679 | D:6      | Noticed Maggie
  4693 | D:6      | Killed Maggie
  4778 | D:6      | Reached skill level 10 in Axes
  4778 | D:6      | Reached skill level 1 in Stealth
  5563 | D:7      | Reached skill level 11 in Axes
  5602 | D:7      | Reached XP level 9. HP: 78/78 MP: 9/9
  5946 | D:7      | Noticed Dowan
  5951 | D:7      | Noticed Duvessa
  5957 | D:7      | Killed Duvessa
  5958 | D:7      | Killed Dowan
  6139 | D:7      | Found a staircase to the Ecumenical Temple.
  6149 | Temple   | Entered the Ecumenical Temple
  6155 | Temple   | Became a worshipper of Uskayaw the Reveller
  6228 | D:7      | Reached * piety under Uskayaw
  6599 | D:7      | Reached ** piety under Uskayaw
  6602 | D:7      | Reached skill level 12 in Axes
  6779 | D:8      | Reached *** piety under Uskayaw
  6782 | D:8      | Reached **** piety under Uskayaw
  6786 | D:8      | Reached ***** piety under Uskayaw
  7436 | D:8      | Found a transporter.
  7453 | D:8      | Reached skill level 5 in Shields
  7665 | D:8      | Found a transporter.
  7665 | D:8      | Noticed Maurice
  7679 | D:8      | Killed Maurice
  7680 | D:8      | Reached skill level 13 in Axes
  7680 | D:8      | Reached XP level 10. HP: 88/88 MP: 10/10
  9213 | D:9      | Found a flagged portal.
  9228 | Bailey   | Entered a bailey
 12468 | D:9      | Noticed a two-headed ogre
 12476 | D:9      | Killed a two-headed ogre
 12477 | D:9      | Reached skill level 14 in Axes
 12477 | D:9      | Reached skill level 5 in Armour
 12517 | D:9      | You fall into a shaft and drop 1 floor!
 12517 | D:10     | Entered Level 10 of the Dungeon
 12580 | D:10     | Reached skill level 5 in Dodging
 12580 | D:10     | Reached XP level 11. HP: 59/95 MP: 5/11
 12781 | D:10     | Noticed Lodul
 12863 | D:10     | Noticed Fannar
 12882 | D:10     | Killed Fannar
 12929 | D:10     | Noticed a two-headed ogre
 12939 | D:10     | Killed a two-headed ogre
 13180 | D:9      | Noticed a two-headed ogre
 13193 | D:9      | Killed a two-headed ogre
 13194 | D:9      | Reached skill level 5 in Stealth
 13464 | D:9      | Noticed Erolcha
 13475 | D:9      | Killed Erolcha
 13476 | D:9      | Reached skill level 15 in Axes
 13897 | D:10     | Killed from afar by Lodul

Illustrated notes

Levels and vault maps discovered:
D:1:      shiori_arrival_whats_in_store_for_you, layout_basic,
          dilly_ecumenical_altar_fadedgnrine, ebering_dispersal_statue_hall
D:2:      layout_basic, corexii_leaking_fountain
D:3:      layout_basic, serial_shops, nicolae_shop_statue_plus,
          chequers_serial_rivers_large_b, uniq_jessica, uniq_terence, uniq_robin
D:4:      layout_basic, gammafunk_temple_overflow_claw
D:5:      lemuel_ratsnest, layout_rooms
D:6:      layout_basic, uniq_maggie
D:7:      layout_loops_ring, minmay_temple_entry_mist, uniq_duvessa
D:8:      gammafunk_steamed_eel, layout_basic, uniq_maurice
D:9:      layout_basic, enter_bailey_4, uniq_erolcha
D:10:     layout_irregular_city, uniq_fannar, uniq_snorg, uniq_grum, uniq_lodul
Temple:   hellmonk_temple_of_storms

Skill      XL: |  1  2  3  4  5  6  7  8  9 10 11 |
---------------+----------------------------------+-----
Axes           | 3 4 5 6 7 8 11 13 14 15 | 15.0
Fighting       | 4 5 6 8 9 |  9.2
Armour         | 4 5 6 |  6.2
Dodging        | 1 2 3 4 5 |  5.1
Shields        | 4 5 6 |  6.9
Stealth        | 1 3 4 5 |  5.1
Evocations     | |  0.2

Action                   |  1- 3 |  4- 6 |  7- 9 | 10-12 || total
-------------------------+-------+-------+-------+-------++-------
Melee: War axe           |   111 |   143 |   314 |   324 ||   892
Evoke: Wand              |       |       |       |     6 ||     6
  Use: Scroll            |     1 |     7 |     5 |    11 ||    24
       Potion            |       |       |     2 |     1 ||     3
 Stab: Sleeping          |       |       |     2 |     1 ||     3
       Paralysed         |       |       |     6 |    17 ||    23
Armor: Scale mail        |    39 |    53 |       |    89 ||   181
       Robe              |       |    15 |    80 |    37 ||   132
Dodge: Dodged            |    38 |    68 |   179 |   275 ||   560
Block: Buckler           |    18 |    25 |    58 |   147 ||   248

Table legend: (Time is in decaauts)
 A = Elapsed time spent in this place.
 B = Non-inter-level travel time spent in this place.
 C = Inter-level travel time spent in this place.
 D = Time resting spent in this place.
 E = Time spent auto-exploring this place.
 F = Levels seen in this place.
 G = Mean time per level.
                   A        B        C        D        E       F      G
               +--------+--------+--------+--------+--------+-----+--------+
         Total |  13999 |  13479 |    520 |   4966 |   4701 |  12 | 1166.6 |
       Dungeon |  10898 |  10384 |    514 |   2883 |   4682 |  10 | 1089.8 |
        Temple |     44 |     38 |      6 |      0 |     19 |   1 |   44.0 |
        Bailey |   3056 |   3056 |      0 |   2083 |      0 |   1 | 3056.0 |
               +--------+--------+--------+--------+--------+-----+--------+

Top non-repeatable levels by time:
  Bailey: 3056 daAuts
     D:8: 2393 daAuts
     D:9: 1245 daAuts
     D:1: 1224 daAuts
     D:2: 1087 daAuts
     D:7: 1076 daAuts
     D:6: 935 daAuts
     D:4: 923 daAuts
     D:5: 759 daAuts
     D:3: 740 daAuts
    D:10: 512 daAuts
  Temple: 44 daAuts
